 Dungeon Crawl Stone Soup version 0.17-a0-1871-gdc8eb4e (webtiles) character file.

116 DecibelRebel the Insei (level 5, -4/41 HPs)
             Began as a Merfolk Monk on Sept 20, 2015.
             Slain by an orc
             ... wielding a +0 morningstar
              (9 damage)
             ... on level 3 of the Dungeon.
             The game lasted 00:09:07 (2995 turns).

DecibelRebel the Insei (Merfolk Monk)               Turns: 2995, Time: 00:09:08

Health: -4/41      AC:  4    Str: 11    XL:     5   Next: 0%
Magic:  5/5        EV: 14    Int: 10    God:
Gold:   40         SH:  0    Dex: 17    Spells: 0 memorised, 4 levels left

rFire  . . .     SeeInvis .       - Unarmed
rCold  . . .     Clarity  .     i - +0 leather armour
rNeg   . . .     SustAt   +     (no shield)
rPois  .         Gourm    +     (no helmet)
rElec  .         Spirit   .     (no cloak)
rCorr  .         Warding  .     f - +0 pair of gloves
rMut   .         Stasis   .     (no boots)
MR     .....                    c - amulet of the gourmand
Stlth  ++........               (no ring)
                                k - ring of sustain attributes (curse)

@: not resistant to hostile enchantments, unstealthy
A: change form in water, swift swim
a: no special abilities


You were on level 3 of the Dungeon.
You were very full.

You visited 1 branch of the dungeon, and saw 3 of its levels.

You collected 40 gold pieces.

Inventory:

Armour
 a - a +0 robe
 f - a +0 pair of gloves (worn)
 i - a +0 leather armour (worn)
Jewellery
 c - an amulet of the gourmand (around neck)
 k - a cursed ring of sustain attributes (left hand)
Scrolls
 d - 2 scrolls of identify {unknown}
 e - a scroll of teleportation {unknown}
 j - a scroll of enchant weapon {unknown}
 l - a scroll of fear {unknown}
Potions
 g - 3 potions of curing {unknown}
 h - 2 potions of mutation {unknown}
Comestibles
 b - 3 bread rations
 m - a chunk of flesh


   Skills:
 - Level 3.2 Fighting
 - Level 4.0 Dodging
 - Level 2.1 Stealth
 + Level 6.7 Unarmed Combat


You had 4 spell levels left.
You didn't know any spells.

Dungeon Overview and Level Annotations

Branches:
Dungeon (3/15)

Altars:
Elyvilon
Kikubaaqudgha
Zin


Message History

The orc is lightly wounded.
The orc barely misses you.
The orc hits you with a flail of holy wrath.
* * * LOW HITPOINT WARNING * * *
You are too injured to fight recklessly!
You are too injured to fight recklessly!
You are too injured to fight recklessly!
You are too injured to fight recklessly!
You are too injured to fight recklessly!
You are too injured to fight recklessly!
You are too injured to fight recklessly!
The orc barely misses you.
The orc hits you with a flail of holy wrath.
* * * LOW HITPOINT WARNING * * *
The orc hits you with a morningstar.
* * * LOW HITPOINT WARNING * * *
The orc closely misses you. The orc misses you. x2
The orc hits you with a morningstar!
You die...

.. #.. ##.....
#...#..## ...#...
#..≈.P.###.# ...
...≈≈≈♣..#..##.#.#
.?..♣♣≈P.†.##..#.#
............?....#
.......##..#....###
.......#.......%...
.........!.@).#....
.........#oo#.....#
..............###.#
......###.........
...... #..#.....)
.....####....###.
..........<..#
#..#.........###..
....
..<...............
....


You could see 2 orcs.

Vanquished Creatures
  An orc priest (D:3)
  Jessica (D:2)
  An adder (D:2)
  A worm (D:2)
  4 giant geckos
  5 goblins
  9 hobgoblins
  10 jackals
  2 kobolds (D:1)
  A quokka (D:2)
  A bat (D:1)
  2 giant newts
  8 rats
46 creatures vanquished.

Notes
Turn   | Place    | Note
--------------------------------------------------------------
     0 | D:1      | DecibelRebel the Merfolk Monk began the quest for the Orb.
     0 | D:1      | Reached XP level 1. HP: 18/18 MP: 1/1
   338 | D:1      | Reached XP level 2. HP: 22/24 MP: 2/2
   359 | D:1      | Reached skill level 5 in Unarmed Combat
  1055 | D:1      | Reached XP level 3. HP: 29/29 MP: 3/3
  1858 | D:2      | Noticed Jessica
  1867 | D:2      | Killed Jessica
  1867 | D:2      | Reached skill level 6 in Unarmed Combat
  1867 | D:2      | Reached XP level 4. HP: 16/35 MP: 4/4
  2418 | D:2      | Found an ancient bone altar of Kikubaaqudgha.
  2421 | D:2      | Found a glowing silver altar of Zin.
  2423 | D:2      | Found a white marble altar of Elyvilon.
  2424 | D:2      | Upgraded the game from 0.17-a0-1853-ge1bd2c8 to 0.17-a0-1871-gdc8eb4e
  2983 | D:3      | Reached XP level 5. HP: 33/41 MP: 5/5
  2995 | D:3      | Slain by an orc

Vault maps used:
D:1:      saegor_arrival_simple_d, minmay_misc_feat_plants,
          minmay_misc_feat_more_columns
D:2:      nicolae_overflow_hidden_temple, first_bread, nrook_loot_triangle,
          uniq_jessica
D:3:      old_standard_altar, serial_bayou_pond_d

Action                   |  1- 3 |  4- 6 || total
-------------------------+-------+-------++-------
Melee: Unarmed           |   112 |    76 ||   188
 Stab: Sleeping          |     6 |     5 ||    11
  Eat: Chunk             |     5 |    10 ||    15
